 Dungeon Crawl Stone Soup version 0.31-a0-1591-g515db51633 (webtiles) character file.

Game seed: 14615616599174698257

224 BigPumpCobain the Ruffian (level 5, -1/73 HPs)
             Began as a Troll Shapeshifter on Jan 7, 2024.
             Slain by Duvessa
             ... wielding a +0 short sword
              (3 damage)
             ... on level 4 of the Dungeon.
             The game lasted 00:03:39 (2042 turns).

BigPumpCobain the Ruffian (Troll Shapeshifter)      Turns: 2042, Time: 00:03:40

Health: -1/73      AC: 22    Str: 24    XL:     5   Next: 67%
Magic:  4/4        EV:  1    Int:  6    God:
Gold:   123        SH:  0    Dex:  9    Spells: 4/4 levels left

rFire   . .          .
                       - Unarmed
rCold   . . .        (no shield)
rNeg    . . .        l - melded +2 robe {Will+}
rPois   +            (helmet currently unavailable)
rElec   .            (cloak currently unavailable)
rCorr   .            (gloves unavailable)
SInv    .            (boots unavailable)
Will    .....        (no amulet)
Stlth   +            (no ring)
HPRegen 1.12/turn    (no ring)
MPRegen 0.09/turn

%: no passive effects
@: mighty, on fire, tree-form, glowing
A: stationary, stasis, torment immunity, boosted hp, large, unfitting armour,
(claws 3), regeneration 1, (shaggy fur 1), (tough skin 1)
a: no special abilities


You were on level 4 of the Dungeon.
You were a tree.
You visited 1 branch of the dungeon, and saw 4 of its levels.

You collected 123 gold pieces.

Inventory:

Hand Weapons
 k - a +1 demon blade of flaming
Armour
 l - a +2 robe of willpower (melded)
Talismans
 c - a beast talisman
 d - a flux talisman
Scrolls
 a - a scroll of fear {unknown}
 f - 3 scrolls of identify {unknown}
 g - a scroll of blinking {unknown}
Potions
 e - 2 potions of curing {unknown}
 h - 2 potions of might
 i - 3 potions of magic {unknown}
 j - a potion of attraction {unknown}


   Skills:
 + Level 2.0 Fighting
 - Level 1.5 Dodging
 * Level 4.7 Unarmed Combat
 * Level 4.4 Shapeshifting


You had 4 spell levels left.
You didn't know any spells.
Your spell library contained the following spells:

 Spells                   Type           Power      Damage    Failure   Level
 Mercury Vapours          Alch/Air       0%         N/A       58%         2
 Mephitic Cloud           Conj/Alch/Air  0%         N/A       83%         3
 Manifold Assault         Tloc           0%         N/A       99%         4
 Freezing Cloud           Conj/Ice/Air   0%         6-21      100%        5
 Dispersal                Tloc           0%         N/A       100%        6
 Disjunction              Tloc           0%         N/A       100%        8


Dungeon Overview and Level Annotations

Branches:
Dungeon (4/15)
 Temple: D:4-7

Altars:

Shops:
D:4 *

Annotations:
D:4 Dowan, Duvessa


Innate Abilities, Weirdness & Mutations

You are a tree.
Your roots penetrate the ground, keeping you stationary.
You cannot be teleported.
You are immune to unholy pain and torment.
Your maximum health is greatly increased.
Your equipment is partially melded.
You are too large for most types of armour.
((You have claws for hands.))
Your natural rate of healing is unusually fast.
((You are covered in fur. (AC +1)))
((You have tough skin. (AC +1)))


Message History

You are too injured to fight recklessly!
You are too injured to fight recklessly!
You are too injured to fight recklessly!
You are too injured to fight recklessly!
You are too injured to fight recklessly!
You are too injured to fight recklessly!
You are too injured to fight recklessly!
You are too injured to fight recklessly!
You are too injured to fight recklessly!
You are too injured to fight recklessly!
You are too injured to fight recklessly!
You are too injured to fight recklessly!
You are too injured to fight recklessly!
You are too injured to fight recklessly!
You are too injured to fight recklessly!
You are too injured to fight recklessly!
You are too injured to fight recklessly!
You are too injured to fight recklessly!
You closely miss Duvessa.
Duvessa is almost dead.
The liquid fire burns you!
* * * LOW HITPOINT WARNING * * *
Duvessa hits you but does no damage.
Dowan says, "My weaknesses are her strengths!"
Dowan barely misses you.
Your transformation has ended.
You turn into a tree.
Your +2 robe of willpower melds into your body.
You feel less strong-willed.
Your roots penetrate the ground.
The liquid fire burns you!
* * * LOW HITPOINT WARNING * * *
Duvessa hits you but does no damage. Dowan gestures at you while chanting.
The puff of flame hits you but does no damage.
It was a potion of might.
You feel very mighty all of a sudden. The liquid fire burns you!
* * * LOW HITPOINT WARNING * * *
Duvessa hits you with a +0 short sword.
You die...

##. .. ## #..#.. .
#.... .###
####.... ...#
#......#...#
#.....B#..#
#....#ee..#
#.....♣# #
#.....##..#
##........#
###.##.### #..####
####....###.
#...........
#####............
##..#.........##.#


You could see Duvessa, Dowan and a bombardier beetle.

Vanquished Creatures
  2 orc priests (D:3)
  Jessica (D:3)
  2 orc wizards (D:3)
  2 adders (D:3)
  A dart slug (D:2)
  A ribbon worm (D:3)
  5 orcs
  4 ball pythons
  8 endoplasms
  2 giant cockroaches
  5 goblins
  4 hobgoblins
  6 jackals
  5 kobolds
  2 quokkas
  4 bats
  6 frilled lizards
  2 rats
62 creatures vanquished.

Notes
Turn   | Place    | Note
-------+----------+-------------------------------------------
     0 | D:1      | BigPumpCobain the Troll Shapeshifter began the quest for
                  | the Orb.
     0 | D:1      | Reached XP level 1. HP: 18/18 MP: 0/0
    68 | D:1      | Reached skill level 1 in Fighting
    85 | D:1      | Reached XP level 2. HP: 27/27 MP: 1/1
   590 | D:2      | Reached XP level 3. HP: 31/33 MP: 2/2
  1183 | D:2      | Reached XP level 4. HP: 28/41 MP: 3/3
  1286 | D:3      | Reached XP level 5. HP: 49/49 MP: 4/4
  1308 | D:3      | Noticed Jessica
  1316 | D:3      | Killed Jessica
  2003 | D:4      | Found Ucveweast's Fire Supplies.
  2031 | D:4      | Noticed Duvessa
  2032 | D:4      | Noticed Dowan
  2042 | D:4      | HP: 1/73 [burnt (4)]
  2042 | D:4      | Slain by Duvessa

Illustrated notes

Levels and vault maps discovered:
D:1:      dpeg_arrival_round_c, layout_basic, minmay_liquid_box,
          columned_hall_lemuel, hangedman_feature_mirror
D:2:      layout_loops_ring
D:3:      layout_loops_cross, serial_aquarium, aquarium_bridge_square
          [aquarium_subvault_bridge, aquarium_subvault_wall,
          aquarium_subvault_bridge, aquarium_subvault_wall],
          aquarium_bridge_straight [aquarium_subvault_bridge,
          aquarium_subvault_wall, aquarium_subvault_bridge,
          aquarium_subvault_balcony], aquarium_window_1, aquarium_window_3,
          aquarium_view_2d, uniq_jessica
D:4:      layout_cave_pools, lemuel_zombie_altar_yredelemnul,
          mainiacjoe_overflow_alcove_4, nicolae_shop_fire_sale
          [nicolae_sub_dead_trees], minmay_stone_trees_small, dk_noncrumbling_4,
          kennysheep_nub, chequers_serial_rivers_micro_d, uniq_duvessa,
          uniq_blork_the_orc

Skill      XL: |  1  2  3  4  5 |
---------------+----------------+-----
Fighting       | 1 2 |  2.0
Unarmed Combat | 4 |  4.7
Shapeshifting  | 4 |  4.4
Dodging        | |  1.5

Action                     |  1- 3 |  4- 6 || total
---------------------------+-------+-------++-------
  Melee: Unarmed           |    78 |    62 ||   140
         Punch             |     1 |     2 ||     3
    Use: Potion            |       |     2 ||     2
 Armour: Animal skin       |    66 |    25 ||    91
         Robe              |       |    16 ||    16
         Skin              |       |     3 ||     3
  Dodge: Dodged            |    34 |    22 ||    56

Table legend: (Time is in decaauts)
 A = Elapsed time spent in this place.
 B = Non-inter-level travel time spent in this place.
 C = Inter-level travel time spent in this place.
 D = Time resting spent in this place.
 E = Time spent auto-exploring this place.
 F = Levels seen in this place.
 G = Mean time per level.
                   A        B        C        D        E       F      G
               +--------+--------+--------+--------+--------+-----+--------+
         Total |   2032 |   1966 |     66 |     10 |   1624 |   4 |  508.0 |
       Dungeon |   2032 |   1966 |     66 |     10 |   1624 |   4 |  508.0 |
               +--------+--------+--------+--------+--------+-----+--------+

Top non-repeatable levels by time:
     D:3: 798 daAuts
     D:2: 650 daAuts
     D:1: 528 daAuts
     D:4: 54 daAuts
